 Dungeon Crawl Stone Soup version 0.25-a0-458-g6fc7858b95 (webtiles) character file.

Game seed: 17426625759884748461, levelgen mode: deterministic

1561 Hasart the Cudgeler (level 8, -7/55 HPs)
             Began as an Octopode Fighter on Feb 2, 2020.
             Was an Initiate of Gozag.
             Mangled by a centaur
             ... wielding a +0 war axe
              (13 damage)
             ... on level 7 of the Dungeon.
             The game lasted 00:09:03 (4574 turns).

Hasart the Cudgeler (Octopode Fighter)              Turns: 4574, Time: 00:09:04

Health: -7/55      AC:  8    Str: 15    XL:     8   Next: 89%
Magic:  8/8        EV: 13    Int: 12    God:    Gozag
Gold:   620        SH: 11    Dex: 12    Spells: 7/7 levels left

rFire    . . .     SeeInvis .   C - +3 flail (protect)
rCold    + . .     Gourm    .   i - +2 shield
rNeg     . . .     Faith    .   (helmet restricted)
rPois    +         Spirit   .   u - amulet of regeneration
rElec    .         Reflect  .   y - ring of protection from cold
rCorr    .         Harm     .   B - ring of poison resistance
MR       .....                  a - ring of wizardry
Stlth    ++........             (no ring)
HPRegen  0.58/turn              (no ring)
MPRegen  0.11/turn              (no ring)
                                (no ring)
                                (no ring)

@: protection aura
A: almost no armour, stealthy swim, amphibious, 8 rings, constrict 8, camouflage
1, gelatinous body 1
a: Potion Petition, Call Merchant, Bribe Branch, Renounce Religion


You were on level 7 of the Dungeon.
You worshipped Gozag.
Gozag was pleased with you.
You were not hungry.

You visited 2 branches of the dungeon, and saw 8 of its levels.

You collected 718 gold pieces.
You paid 98 gold pieces to Gozag.

Inventory:

Hand Weapons
 C - a +3 flail of protection (weapon)
 H - the +2 mace of the Pariah {flame, +Blink rElec Int-5 Dex+9}
   (You found it on level 6 of the Dungeon)

   It has been specially enchanted to burn those struck by it, causing extra
   injury to most foes and up to half again as much damage against particularly
   susceptible opponents.
   It affects your intelligence (-5).
   It affects your dexterity (+9).
   It insulates you from electricity.
   It lets you blink.
Missiles
 e - a throwing net
 t - 4 silver boomerangs (quivered)
Armour
 i - a +2 shield (worn)
Jewellery
 a - a ring of wizardry (on tentacle)
 u - an amulet of regeneration (around mantle)
 y - a ring of protection from cold (left tentacle)
 B - a ring of poison resistance (right tentacle)
 D - an uncursed amulet of guardian spirit {unknown}
Wands
 I - a wand of polymorph (10)
Scrolls
 b - 4 scrolls of blinking {unknown}
 f - a scroll of teleportation {unknown}
 h - a scroll of magic mapping {unknown}
 j - 2 scrolls of amnesia {unknown}
 l - 5 scrolls of remove curse
 m - a scroll of noise {unknown}
 n - a scroll of immolation {unknown}
 r - 4 scrolls of enchant weapon {unknown}
 v - 4 scrolls of identify
 w - 2 scrolls of random uselessness {unknown}
 A - 3 scrolls of fear {unknown}
Potions
 c - 3 potions of might
 g - a potion of heal wounds {unknown}
 k - 2 potions of curing {unknown}
 o - 3 potions of agility {unknown}
 p - 2 potions of lignification {unknown}
 q - 2 potions of flight {unknown}
 s - a potion of berserk rage {unknown}
 x - a potion of magic {unknown}
 z - a potion of brilliance {unknown}
 E - a potion of cancellation {unknown}
 F - a potion of degeneration {unknown}
 G - a potion of mutation {unknown}
Comestibles
 d - 12 rations


   Skills:
 + Level 5.3 Fighting
 * Level 6.6 Maces & Flails
 + Level 4.0 Throwing
 + Level 5.2 Dodging
 + Level 5.3 Shields


You had 7 spell levels left.
You didn't know any spells.
Your spell library was empty.

Dungeon Overview and Level Annotations

Branches:
Dungeon (7/15)             Temple (1/1) D:5

Altars:
Ashenzari
Cheibriados
Dithmenos
Elyvilon
Fedhas
Gozag
Hepliaklqana
Kikubaaqudgha
Okawaru
Qazlal
Ru
Sif Muna
Uskayaw
Vehumet
Wu Jian
Yredelemnul
Zin


Innate Abilities, Weirdness & Mutations

You cannot wear most types of armour.
You are very stealthy in the water. (Stealth+)
You are amphibious.
You can wear up to eight rings at the same time.
You can use your tentacles to constrict eight enemies at once.
Your skin changes colour to match your surroundings (Stealth+).
Your rubbery body absorbs attacks. (AC +1, EV +1)


Message History

The centaur shoots an arrow.
You block the arrow.
You see here an arrow.
The orc priest mumbles some strange prayers to Beogh against you.
Beogh smites you!
The centaur shoots an arrow.
You block the arrow.
You see here an arrow.
The centaur unwields a +0 shortbow.
The centaur wields a +0 war axe.
You block the centaur's attack. The orc priest barely misses you.
Found a scroll of identify and a ration.
You hit the orc priest.
Your weapon exudes an aura of protection.
You grab the orc priest.
The orc priest is lightly wounded.
You constrict the orc priest. The centaur hits you with a +0 war axe.
You block the orc priest's attack. The centaur hits you with a +0 war axe!
* * * LOW HITPOINT WARNING * * *
You sock the orc priest!
The orc priest is almost dead.
You constrict the orc priest. The centaur hits you with a +0 war axe!
You die...
Your body crumbles into a pile of gold.

##....# #......#(.
#..#.## #.#.##.#.#
#.....# #.#..[.... #
##....$# #.#.##^#.#
#.####.....(###.#.##.#.#
......._.($##.........
#.##.##..(........####.#
?.....c.(..[##.........#
.#####@.#####$#.###.###
......o..# #)#.# #.#
#.%#####.# #.#.. # #.#
#.##.# #.# #.# .# ...
#.. .. ... ###. ... ..
#.


You could see a centaur and an orc priest.

Vanquished Creatures
  A black bear (D:6)
  A sky beast (D:5)
  An ice beast (D:7)
  3 ogres
  A centaur (D:6)
  3 bullfrogs (D:6)
  A scorpion (D:5)
  A howler monkey (D:7)
  A centaur zombie (D:6)
  Crazy Yiuf (D:6)
  2 orc priests
  A hound (D:4)
  A centaur skeleton (D:5)
  Jessica (D:3)
  Terence (D:3)
  An orc wizard (D:5)
  5 worker ants
  A hound zombie (D:6)
  A worker ant zombie (D:6)
  4 gnolls (D:7)
  9 adders
  A howler monkey skeleton (D:7)
  A shadow imp (D:7)
  2 oozes (D:2)
  An adder skeleton (D:7)
  A dart slug (D:2)
  3 leopard geckos
  22 orcs
  A ball python (D:2)
  6 giant cockroaches
  8 goblins
  10 hobgoblins
  4 jackals (D:3)
  9 kobolds
  3 quokkas
  10 bats
  5 frilled lizards
  A jackal skeleton (D:6)
  2 quokka skeletons (D:4)
  8 rats
  A fungus (D:6)
140 creatures vanquished.

Vanquished Creatures (others)
  A quokka (D:5)
1 creature vanquished.

Grand Total: 141 creatures vanquished

Notes
Turn   | Place    | Note
-------+----------+-------------------------------------------
     0 | D:1      | Hasart the Octopode Fighter began the quest for the Orb.
     0 | D:1      | Reached XP level 1. HP: 16/16 MP: 1/1
   213 | D:1      | Reached XP level 2. HP: 18/21 MP: 2/2
   603 | D:1      | Reached XP level 3. HP: 26/26 MP: 3/3
  1127 | D:2      | Reached skill level 3 in Maces & Flails
  1127 | D:2      | Reached skill level 1 in Throwing
  1127 | D:2      | Reached XP level 4. HP: 7/31 MP: 4/4
  1915 | D:3      | Reached XP level 5. HP: 33/36 MP: 5/5
  1988 | D:3      | Found a blossoming altar of Fedhas.
  2033 | D:3      | Noticed Terence
  2038 | D:3      | Killed Terence
  2113 | D:3      | Noticed Jessica
  2117 | D:3      | Killed Jessica
  2284 | D:4      | Reached XP level 6. HP: 33/43 MP: 6/6
  2308 | D:4      | Reached skill level 4 in Maces & Flails
  2684 | D:5      | Entered Level 5 of the Dungeon
  2684 | D:5      | Found a staircase to the Ecumenical Temple.
  2691 | Temple   | Entered the Ecumenical Temple
  2773 | Temple   | Became a worshipper of Gozag Ym Sagoz the Greedy
  2784 | D:5      | Noticed a sky beast
  2911 | D:5      | Killed a sky beast
  2911 | D:5      | Reached XP level 7. HP: 41/48 MP: 7/7
  2983 | D:5      | Found a white marble altar of Elyvilon.
  3047 | D:5      | Found an ornate altar of the Wu Jian Council.
  3616 | D:6      | Reached skill level 5 in Maces & Flails
  3751 | D:6      | Reached XP level 8. HP: 54/54 MP: 8/8
  4224 | D:6      | Found a runed translucent door.
  4225 | D:6      | Noticed Crazy Yiuf
  4226 | D:6      | Got a dazzling mace
  4228 | D:6      | Identified the +2 mace of the Pariah {flame, +Blink rElec
                  | Int-5 Dex+9} (You found it on level 6 of the Dungeon)
  4235 | D:6      | Killed Crazy Yiuf
  4342 | D:7      | Reached skill level 5 in Fighting
  4342 | D:7      | Reached skill level 6 in Maces & Flails
  4342 | D:7      | Reached skill level 5 in Shields
  4427 | D:7      | Reached skill level 5 in Dodging
  4529 | D:7      | Found a stormy altar of Qazlal.
  4574 | D:7      | Mangled by a centaur

Levels and vault maps discovered:
D:1:      lightli_arrival_chessboard, layout_rooms, st_stairs_14
D:2:      layout_basic, first_ration
D:3:      layout_basic, overflow_temple_1_default, uniq_jessica, uniq_terence
D:4:      layout_rooms
D:5:      layout_cave_pods, kennysheep_mini_moat, minmay_temple_entry_grid,
          elyvilon_altar_4
D:6:      layout_loops_ring, uniq_crazy_yiuf_cottage
D:7:      layout_loops_cross, basic_altar
Temple:   regret_index_temple_chain_breaker

Skill      XL: |  1  2  3  4  5  6  7  8 |
---------------+-------------------------+-----
Maces & Flails | 3 4 5 6 |  6.6
Throwing       | 1 2 3 4 |  4.0
Shields        | 4 5 |  5.3
Fighting       | 4 5 |  5.3
Dodging        | 4 5 |  5.2

Action                   |  1- 3 |  4- 6 |  7- 9 || total
-------------------------+-------+-------+-------++-------
Melee: Flail             |    69 |   103 |   131 ||   303
       Constrict         |    18 |    23 |    33 ||    74
       Tentacles         |    10 |    23 |    31 ||    64
       Unarmed           |       |       |     2 ||     2
Throw: Boomerang         |       |     4 |     4 ||     8
  Use: Scroll            |       |       |     2 ||     2
 Stab: Sleeping          |     4 |     3 |     5 ||    12
       Distracted        |       |       |     2 ||     2
  Eat: Chunk             |     1 |     5 |       ||     6
       Ration            |       |       |     2 ||     2
Armor: Skin              |     8 |    12 |    14 ||    34
Dodge: Dodged            |    34 |    42 |    52 ||   128
Block: Shield            |    40 |    59 |    63 ||   162

Table legend:
 A = Non-vault XP
 B = Vault XP
 C = Vault XP percentage of total XP
 D = Non-vault monster count
 E = Vault monster count
 F = Vault count percentage of total count
                 A         B        C        D         E       F
            +---------+---------+-------+---------+---------+-------
      Total |    2114 |     116 |   5.2 |     135 |       4 |   2.9
            +---------+---------+-------+---------+---------+-------
        D:1 |      38 |       1 |   2.6 |      26 |       1 |   3.7
        D:2 |     113 |       0 |   0.0 |      28 |       0 |   0.0
        D:3 |      44 |      73 |  62.4 |      17 |       2 |  10.5
        D:4 |     270 |       0 |   0.0 |      14 |       0 |   0.0
        D:5 |     315 |       0 |   0.0 |      15 |       0 |   0.0
        D:6 |     722 |      42 |   5.5 |      17 |       1 |   5.6
        D:7 |     612 |       0 |   0.0 |      18 |       0 |   0.0
            +---------+---------+-------+---------+---------+-------
